 Dungeon Crawl Stone Soup version 0.30.1-9-gdf580d7c3d (webtiles) character file.

Game seed: 17087134541627464356

681170 Madon the Conqueror (level 27, -8/300 HPs)
             Began as a Hill Orc Fighter on Sept 30, 2023.
             Was the Champion of Okawaru.
             Mangled by a death cob (11 damage)
             ... on level 4 of the Realm of Zot.
             The game lasted 04:52:40 (93084 turns).

Madon the Conqueror (Hill Orc Fighter)             Turns: 93084, Time: 04:52:41

Health: -8/300     AC: 36    Str: 33    XL:     27
Magic:  29/29      EV:  6    Int: 19    God:    Okawaru [******]
Gold:   11718      SH: 31    Dex: 18    Spells: 26/26 levels left

rFire   . . .        k - +9 broad axe (vamp)
rCold   + . .        f - +1 tower shield {reflect}
rNeg    + . .        H - +2 plate armour of Nowkiesi {-Cast Dex+2 Slay+6}
rPois   +            d - +2 hood of the Assassin {Detect Stab+ Stlth++}
rElec   +            O - +2 cloak {Will+}
rCorr   +            r - +0 pair of gloves of Eternal Night {rPois rN+ Regen+}
SInv    +            i - +2 pair of boots "Vougoi" {+Inv Str+2 Dex+2 SInv Stlth+}
Will    ++++.        y - amulet of Xopeyh {Reflect rElec Will+ Int+5 SH+5}
Stlth   +++++        C - ring "Cokhlaus" {Fly rC+ Dex+4 Stlth+}
HPRegen 0.00/turn    J - ring "Jatuc" {rCorr AC+4 Int+4}
MPRegen 0.21/turn

%: no spellcasting, reflection
@: corroded, flying, inhibited regen, slowed, constricted, studying 3 skills,
very slow
A: deterioration 1, low MP 1, robust 1, screaming 1, inhibited regeneration
}: 4/15 runes: decaying, serpentine, slimy, silver
a: Renounce Religion, Evoke Invisibility, Heroism, Finesse, Duel


You were on level 4 of the Realm of Zot.
You worshipped Okawaru.
Okawaru was exalted by your worship.
You visited 13 branches of the dungeon, and saw 56 of its levels.
You visited the Abyss 2 times.
You also visited: Sewer, Bailey, Ice Cave and Wizlab.

You collected 13334 gold pieces.
You spent 1616 gold pieces at shops.

Inventory:

Hand Weapons
 k - a +9 vampiric broad axe (weapon)
 I - the +4 broad axe of Skirmishing {speed, Int+6}
   (You found it on level 5 of the Vaults)

   Int:       It affects your intelligence (+6).
 N - the +8 broad axe of Magnificence {flame, rC+}
   (Okawaru gifted it to you on level 3 of the Swamp)

   rC:        It protects you from cold.
Missiles
 o - 6 boomerangs
 s - 2 silver boomerangs
 A - 6 curare-tipped darts
 E - 10 atropa-tipped darts
 G - 7 silver javelins
 P - 6 throwing nets
 U - 18 javelins
 Y - 2 boomerangs of dispersal
Armour
 c - +2 shadow dragon scales
 d - the +2 hood of the Assassin (worn) {Detect Stab+ Stlth++}
   (You found it on level 3 of the Crypt)

   Detect:    It allows the wearer to sense nearby creatures.
   Stab+:     It allows the wearer to make particularly effective stabbing
   attacks against helpless or unaware enemies with any weapon.
   Stlth:     It makes you much more stealthy.
 f - a +1 tower shield of reflection (worn)
 i - the +2 pair of boots "Vougoi" (worn) {+Inv Str+2 Dex+2 SInv Stlth+}
   (Okawaru gifted it to you on level 3 of the Crypt)

   Str:       It affects your strength (+2).
   Dex:       It affects your dexterity (+2).
   SInv:      It lets you see invisible.
   +Inv:      It lets you turn invisible.
   Stlth:     It makes you more stealthy.
 n - +0 gold dragon scales
 r - the +0 pair of gloves of Eternal Night (worn) {rPois rN+ Regen+}
   (Okawaru gifted it to you on level 4 of the Lair of Beasts)

   rPois:     It protects you from poison.
   rN:        It protects you from negative energy.
   Regen:     It increases your rate of health regeneration.
 H - the +2 plate armour of Nowkiesi (worn) {-Cast Dex+2 Slay+6}
   (You found it on level 5 of the Vaults)

   Dex:       It affects your dexterity (+2).
   Slay:      It affects your accuracy & damage with ranged weapons and melee
   (+6).
   -Cast:     It prevents spellcasting.
 L - the +3 Mad Mage's Maulers {Infuse+∞ VampMP -Cast}
   (You found it in a bailey)

   Infuse+∞: It empowers its wearer's blows with all of their magic.
   VampMP:    Blows struck in melee replenish the wearer's magic.
   -Cast:     It prevents spellcasting.
 O - a +2 cloak of willpower (worn)
 V - a scarf of repulsion
Jewellery
 x - a +5 ring of evasion
 y - the amulet of Xopeyh (around neck) {Reflect rElec Will+ Int+5 SH+5}
   (You found it on level 4 of the Dungeon)

   [amulet of reflection]

   It reflects blocked missile attacks.
   Int:       It affects your intelligence (+5).
   rElec:     It insulates you from electricity.
   SH:        It affects your SH (+5).
   Will:      It increases your willpower.
 C - the ring "Cokhlaus" (left hand) {Fly rC+ Dex+4 Stlth+}
   (You found it on level 5 of the Pits of Slime)

   [ring of flight]

   Dex:       It affects your dexterity (+4).
   rC:        It protects you from cold.
   Fly:       It grants you flight.
   Stlth:     It makes you more stealthy.
 J - the ring "Jatuc" (right hand) {rCorr AC+4 Int+4}
   (You took it off a yaktaur on level 3 of the Vaults)

   [ring of protection]

   AC:        It affects your AC (+4).
   Int:       It affects your intelligence (+4).
   rCorr:     It protects you from acid and corrosion.
 K - the ring of Xom's Bemusement {Fly rF++ SInv}
   (You found it on level 5 of the Vaults)

   [ring of flight]

   rF:        It greatly protects you from fire.
   SInv:      It lets you see invisible.
   Fly:       It grants you flight.
Wands
 a - a wand of roots (92)
 u - a wand of light (57)
 F - a wand of polymorph (50)
 M - a wand of flame (174)
 S - a wand of digging (41)
 T - a wand of mindburst (41) (quivered)
Scrolls
 b - 2 scrolls of blinking
 h - 22 scrolls of teleportation
 t - 3 scrolls of silence
 v - 6 scrolls of magic mapping
 D - 6 scrolls of enchant weapon
Potions
 e - 4 potions of heal wounds
 g - 8 potions of resistance
 l - 6 potions of magic
 m - 13 potions of haste
 p - 5 potions of cancellation
 q - 3 potions of might
 w - 11 potions of attraction
 z - 12 potions of lignification
 B - 7 potions of invisibility
 Q - 14 potions of curing
Miscellaneous
 j - a phial of floods
 R - a lightning rod (4/4)
 X - a tin of tremorstones (inert)


   Skills:
 O Level 27 Fighting
 - Level 18.0 Axes
 + Level 16.3 Throwing
 * Level 26.1 Armour
 * Level 13.1 Stealth
 * Level 26.1 Shields
 - Level 13.6 Invocations
 * Level 18.3 Evocations


You had 26 spell levels left.
You didn't know any spells.
Your spell library contained the following spells:

 Spells                   Type           Power      Damage    Failure   Level
 Apportation              Tloc           0%         N/A       50%         1
 Beastly Appendage        Tmut           0%         N/A       50%         1
 Magic Dart               Conj           0%         1d3       50%         1
 Necrotise                Necr           0%         1d4       50%         1
 Shock                    Conj/Air       0%         1d3       50%         1
 Slow                     Hex            0%         N/A       50%         1
 Sting                    Tmut/Pois      0%         1d3       50%         1
 Cigotuvi's Dreadful Rot  Necr/Pois/Air  0%         N/A       65%         2
 Ensorcelled Hibernation  Hex/Ice        0%         N/A       65%         2
 Passwall                 Tmut/Erth      0%         N/A       65%         2
 Poisonous Vapours        Pois/Air       0%         N/A       65%         2
 Scorch                   Fire           0%         2d5       65%         2
 Searing Ray              Conj           0%         2d4       65%         2
 Sublimation of Blood     Necr           0%         N/A       65%         2
 Wereblood                Tmut           0%         N/A       65%         2
 Confusing Touch          Hex            0%         N/A       86%         3
 Dazzling Flash           Conj/Hex       0%         N/A       86%         3
 Frozen Ramparts          Ice            0%         1d1       86%         3
 Gell's Gravitas          Tloc           0%         N/A       86%         3
 Ignite Poison            Fire/Tmut/Pois 0%         N/A       86%         3
 Mephitic Cloud           Conj/Pois/Air  0%         N/A       86%         3
 Ozocubu's Armour         Ice            0%         N/A       86%         3
 Spider Form              Tmut/Pois      0%         N/A       86%         3
 Stone Arrow              Conj/Erth      0%         3d7       86%         3
 Swiftness                Air            0%         N/A       86%         3
 Teleport Other           Tloc           0%         N/A       86%         3
 Vampiric Draining        Necr           0%         2d6       86%         3
 Volatile Blastmotes      Fire/Tloc      0%         2d10      86%         3
 Airstrike                Air            0%         2d(0-16)  99%         4
 Anguish                  Hex/Necr       0%         N/A       99%         4
 Cause Fear               Hex            0%         N/A       99%         4
 Dispel Undead            Necr           0%         3d6       99%         4
 Flame Wave               Conj/Fire      0%         2d4       99%         4
 Fulminant Prism          Conj/Hex       0%         3d5       99%         4
 Ice Form                 Ice/Tmut       0%         N/A       99%         4
 Iskenderun's Mystic Bla  Conj/Tloc      0%         2d3       99%         4
 Petrify                  Tmut/Erth      0%         N/A       99%         4
 Sticky Flame             Conj/Fire      0%         2d3       99%         4
 Agony                    Necr           0%         N/A       100%        5
 Alistair's Intoxication  Tmut/Pois      0%         N/A       100%        5
 Borgnjor's Vile Clutch   Necr/Erth      0%         N/A       100%        5
 Fireball                 Conj/Fire      0%         3d3       100%        5
 Freezing Cloud           Conj/Ice/Air   0%         6-21      100%        5
 Irradiate                Conj/Tmut      0%         3d11      100%        5
 Iskenderun's Battlesphe  Conj           0%         2d6       100%        5
 Lee's Rapid Deconstruct  Erth           0%         3d4*      100%        5
 Silence                  Hex/Air        0%         N/A       100%        5
 Conjure Ball Lightning   Conj/Air       0%         3x3d6     100%        6
 Dispersal                Tloc           0%         N/A       100%        6
 Eringya's Noxious Bog    Tmut/Pois      0%         N/A       100%        6
 Iron Shot                Conj/Erth      0%         9d1       100%        6
 Dragon Form              Tmut           0%         N/A       100%        7
 Orb of Destruction       Conj           0%         9d5       100%        7
 Ozocubu's Refrigeration  Ice            0%         4d7       100%        7
 Storm Form               Tmut/Air       0%         N/A       100%        7
 Ignition                 Fire           0%         3d3       100%        8
 Lehudib's Crystal Spear  Conj/Erth      0%         10d2      100%        8
 Maxwell's Capacitive Co  Air            0%         ∞         100%        8
 Necromutation            Tmut/Necr      0%         N/A       100%        8
 Death's Door             Necr           0%         N/A       100%        9
 Polar Vortex             Ice            0%         N/A       100%        9
 Shatter                  Erth           0%         3d5*      100%        9
 Summon Small Mammal      Summ           Unusable   N/A       N/A         1
 Call Imp                 Summ           Unusable   N/A       N/A         2
 Animate Armour           Summ/Erth      Unusable   N/A       N/A         4
 Summon Lightning Spire   Summ/Air       Unusable   N/A       N/A         4
 Death Channel            Necr           Unusable   N/A       N/A         6
 Simulacrum               Ice/Necr       Unusable   N/A       N/A         6
 Summon Cactus Giant      Summ           Unusable   N/A       N/A         6
 Haunt                    Necr/Summ      Unusable   N/A       N/A         7
 Spellforged Servitor     Conj/Summ      Unusable   N/A       N/A         7
 Summon Hydra             Summ           Unusable   N/A       N/A         7
 Dragon's Call            Summ           Unusable   N/A       N/A         9

Dungeon Overview and Level Annotations

Branches:
Dungeon (15/15)            Temple (1/1) D:4            Lair (5/5) D:11
  Swamp (4/4) Lair:2        Snake (4/4) Lair:3        Slime (5/5) Lair:4
    Orc (2/2) D:9             Elf (3/3) Orc:2        Vaults (5/5) D:14
  Crypt (3/3) Vaults:3       Tomb (1/3) Crypt:3      Depths (4/4) D:15
    Zot (4/5) Depths:4      Sewer (visited)          Bailey (visited)
  IceCv (visited)          WizLab (visited)

Altars:
Ashenzari
Cheibriados
Dithmenos
Elyvilon
Fedhas
Gozag
Hepliaklqana
Kikubaaqudgha
Makhleb
Nemelex Xobeh
Okawaru
Qazlal
Ru
Sif Muna
Trog
Uskayaw
Vehumet
Wu Jian
Xom
Yredelemnul
Zin
The Shining One
Beogh
Jiyva

Shops:
D:9 *   D:13 (   Orc:2 (*?[   Elf:2 =   Snake:2 ?   Depths:1 *   Depths:4 [

Portals:
Hell: Depths:1 Depths:2 Depths:3 Depths:4
Abyss: Depths:3
Pandemonium: Depths:1 Depths:2
Ziggurat: Depths:3
Trove: D:10 (give +3 shadow dragon scales)

Annotations:
Zot:4 2 transporters, Yklao's ghost, veteran FeEn


Innate Abilities, Weirdness & Mutations

Your body sometimes deteriorates upon taking damage.
Your magical capacity is low. (-10% MP)
You are robust. (+10% HP)
You occasionally shout uncontrollably at your foes.
You do not regenerate when monsters are visible.


Message History

* * * LOW HITPOINT WARNING * * *
The black draconian breathes lightning at you.
The bolt of lightning hits you! You resist.
* * * LOW HITPOINT WARNING * * *
The bolt of lightning hits you! You resist.
* * * LOW HITPOINT WARNING * * *
The bolt of lightning hits the black draconian.
The black draconian completely resists.
The purple draconian shifter casts a spell.
The purple draconian shifter blinks!
The storm dragon bites you but does no damage.
The storm dragon claws you but does no damage.
The storm dragon tramples you.
* * * LOW HITPOINT WARNING * * *
You are held in place!
The green draconian barely misses you.
You block the green draconian's attack. x2
The purple draconian hits you with a +0 hand axe!
* * * LOW HITPOINT WARNING * * *
The death cob barely misses you.
You block the tentacled monstrosity's attack.
The tentacled monstrosity barely misses you.
The tentacled monstrosity tentacle-slaps you but does no damage.
The tentacled monstrosity constricts you.
The black draconian hits you but does no damage.
The storm dragon bites you!!
* * * LOW HITPOINT WARNING * * *
The storm dragon claws you but does no damage.
The storm dragon tramples you!
* * * LOW HITPOINT WARNING * * *
You are held in place!
You hear a roar!
Blink to where?
Press: ? - help, Q - select action, (/) - cycle Dir - move target The tentacled monstrosity's grasp on you weakens, but your attempt to escape fails.
As you read the scroll of blinking, it crumbles to dust.
You are engulfed in blazing flames.
You block the death cob's attack.
The green draconian hits you from afar with a +0 trident!
* * * LOW HITPOINT WARNING * * *
The death cob hits you!
You die...

#. #.#[#..#....©..!
#..#.#.#..#D# ...#
#........#y##y..##.
###.#....#yWqdd....
#.###..##8XXzq.8#
#.# #...#########
#+# #...q...©....
..##..qdd......
..'...X@d#.##..
..#####zD......
#q.d.##.# #....#
#...... #####.#. .#
. #


You could see 3 tentacled monstrosities, a green draconian monk, 2 storm
dragons, 2 draconians, 3 draconians, a purple draconian (berserk), a purple
draconian shifter, 2 death cobs, a yellow draconian annihilator, 2 draconians, a
ghost moth (invisible), 2 moths of wrath and Yklao's ghost.

Vanquished Creatures
  the Royal Jelly (Slime:5)
  2 dread liches (Vaults:5)
  Khufu (Arena)
  3 ancient liches
  Mennas (Arena)
  4 royal mummies
  Sojobo (Crypt:1)
  Bai Suzhen (Vaults:3)
  A Killer Klown (Zot:2)
  Vashnia (Snake:3)
  A caustic shrike (Depths:3)
  A curse toe (Crypt:3)
  10 golden dragons
  Nikola (Snake:3)
  2 bone dragons
  The ghost of Lianjan the Gnoll Aeon, an adept GnWr of Cheibriados (Vaults:3)
  2 doom hounds (Crypt:1)
  2 electric golems
  Zenata (Elf:2)
  13 tentacled monstrosities
  Jorgrun (Swamp:2)
  Grunn (Crypt:1)
  Asterion (Arena)
  5 titans (Vaults:5)
  10 acid blobs
  2 deep elf master archers (Elf:3)
  2 deep elf blademasters (Elf:3)
  A moon troll (WizLab)
  4 liches
  7 ancient champions
  8 quicksilver dragons
  6 death cobs
  12 sphinxes
  A thorn hunter (Swamp:4)
  7 tentacled starspawn
  Frances (D:14)
  Kirke (Elf:1)
  10 tengu reavers
  14 storm dragons
  A revenant (Tomb:1)
  9 draconian monks
  13 shadow dragons
  A fenstrider witch (Swamp:4)
  10 rockslimes
  2 nagarajas (Snake:4)
  7 iron dragons
  12 fire giants
  Donald (Swamp:1)
  19 vault wardens
  6 draconian knights
  7 deep elf sorcerers
  6 azure jellies
  7 frost giants
  4 draconian scorchers
  2 ghost moths (Zot:1)
  Aizul (Snake:1)
  A cacodemon (WizLab)
  9 ghouls
  5 draconian shifters
  3 curse skulls
  18 very ugly things
  4 deep elf elementalists (Elf:3)
  4 war gargoyles
  8 draconian annihilators
  2 orc warlords
  A juggernaut skeleton (Crypt:3)
  25 stone giants
  A quicksilver ooze (shapeshifter) (Depths:3)
  13 quicksilver oozes
  23 ironbound preservers
  4 caustic shrike skeletons (Crypt:3)
  A spriggan defender (Depths:2)
  6 draconian stormcallers
  5 ironbound thunderhulks
  8 deep elf demonologists
  A reaper (Vaults:3)
  18 white draconians
  Nessos (Lair:5)
  4 eleionomae
  2 putrid mouths (Vaults:3)
  12 green draconians
  8 deep elf annihilators
  4 bunyips
  5 spark wasps
  12 vampire knights
  12 black draconians
  14 purple draconians
  12 red draconians
  20 dire elephants
  3 eidola
  The ghost of Uhiud the Thaumaturge, a journeyman DgEE (D:15)
  7 yellow draconians
  Snorg (D:14)
  4 crystal guardians
  5 fire dragons
  Josephine (D:14)
  A blizzard demon (IceCv)
  A merfolk javelineer (Depths:1)
  14 yaktaur captains
  7 mummy priests (Tomb:1)
  4 ettins
  13 deep elf death magi
  2 entropy weavers
  6 jiangshi
  2 shambling mangroves (Swamp:4)
  4 deep elf high priests
  Harold (D:10)
  2 spriggan zombies
  32 vault guards
  4 rakshasas
  17 great orbs of eyes
  6 ice dragons
  5 ogre magi
  2 salamander tyrants
  A quicksilver dragon skeleton (Depths:2)
  2 ghost crabs
  A caustic shrike simulacrum (IceCv)
  4 spriggan skeletons
  4 spriggan air magi
  A catoblepas (Lair:3)
  2 peacekeepers
  2 boulder beetles
  7 anacondas
  A hell beast (Depths:1)
  16 centaur warriors
  24 hydras
  An Orb Guardian skeleton (Crypt:2)
  3 death knights
  24 dancing weapons
  A fenstrider witch skeleton (Tomb:1)
  7 ironbound frosthearts
  20 two-headed ogres
  13 death scarabs (Tomb:1)
  10 alligators
  A satyr (shapeshifter) (Vaults:5)
  4 deep troll shamans (Depths:2)
  2 vampire magi
  4 tengu warriors
  7 naga warriors
  2 titan zombies
  9 shock serpents
  4 soul eaters
  An orc high priest (Elf:3)
  8 naga sharpshooters
  4 thrashing horrors (Abyss:3)
  7 deep troll earth magi
  A sun demon (Depths:1)
  5 hell knights (Depths:3)
  7 spriggan berserkers
  2 wretched stars (Abyss:3)
  9 spriggans
  25 deep elf knights
  A fire crab (Lair:4)
  32 skeletal warriors
  4 skysharks
  A sixfirhy (Abyss:3)
  5 titan skeletons
  A spark wasp zombie (D:15)
  A quicksilver dragon simulacrum (Abyss:3)
  17 deep trolls
  A deep troll (shapeshifter) (Vaults:5)
  7 salamander mystics
  A spatial maelstrom (Abyss:3)
  3 goliath frogs
  2 death drakes (Depths:4)
  A shadow demon (Depths:2)
  Lodul (D:10)
  2 spriggan druids (Swamp:4)
  20 ironbound convokers
  12 swamp dragons
  An orange crystal statue (WizLab)
  20 bog bodies
  2 bunyip skeletons (Crypt:3)
  3 flayed ghosts
  A golden dragon skeleton (Depths:2)
  9 glowing orange brains
  An obsidian statue (IceCv)
  10 spriggan simulacra (IceCv)
  5 naga ritualists
  A lindwurm (shapeshifter) (D:15)
  An iron giant skeleton (Crypt:3)
  14 deep elf archers
  8 wizards
  3 lindwurms
  3 harpies (Vaults:4)
  A wolf spider zombie (Crypt:1)
  21 phantasmal warriors
  31 deep elf zephyrmancers
  2 anaconda skeletons (Crypt:3)
  8 necromancers
  27 deep elf pyromancers
  8 mana vipers
  A frost giant zombie (D:15)
  2 orc sorcerers
  4 cyclopes
  A manticore (shapeshifter) (Depths:4)
  3 manticores
  16 moths of wrath
  8 will-o-the-wisps
  A worldbinder (Abyss:3)
  3 shining eyes
  26 ugly things
  An eleionoma skeleton (Crypt:3)
  11 elephants
  17 salamanders
  A fire giant skeleton (Depths:2)
  An iron dragon skeleton (Crypt:3)
  Joseph (D:9)
  17 naga magi
  31 black mambas
  A dire elephant zombie (Tomb:1)
  19 vault sentinels
  A stone giant zombie (Crypt:1)
  87 slime creatures
  10 eyes of devastation
  Maurice (D:9)
  7 spectral spriggans (Swamp:1)
  6 guardian serpents
  A shock serpent zombie (Crypt:1)
  4 smoke demons
  2 rust devils
  2 orange demons
  2 apocalypse crabs (Abyss:3)
  2 gargoyles
  13 cane toads
  A centaur skeleton (Crypt:3)
  A dire elephant skeleton (Crypt:1)
  A grey draconian zombie (Crypt:2)
  5 komodo dragons
  A red draconian zombie (Crypt:2)
  3 kobold demonologists
  5 unseen horrors
  3 naga skeletons
  7 rime drakes
  A rime drake (shapeshifter) (Elf:1)
  16 freezing wraiths
  26 yaktaurs
  3 anaconda simulacra (IceCv)
  A tormentor (Vaults:3)
  An iron troll zombie (Crypt:1)
  3 red devils (Depths:1)
  2 efreet
  5 ice devils
  A hydra zombie (Crypt:3)
  13 guardian mummies
  2 unseen horror skeletons (Crypt:2)
  2 ancient zymes
  A tengu conjurer (D:15)
  A harpy zombie (Crypt:1)
  A minotaur skeleton (Crypt:2)
  2 bloated husks (Swamp:1)
  A death drake zombie (Crypt:3)
  10 trolls
  11 polar bears
  15 hornets
  3 tyrant leeches
  A dream sheep (shapeshifter) (Vaults:4)
  4 blink frogs (Lair:2)
  16 dream sheep
  2 hellwings
  2 harpy skeletons
  7 raiju
  A jumping spider (shapeshifter) (Abyss:3)
  A slime creature (shapeshifter) (D:10)
  A jumping spider (Vaults:4)
  3 ynoxinuls
  7 water elementals
  4 air elementals
  10 flying skulls (Tomb:1)
  An ice dragon skeleton (Crypt:3)
  48 yaks
  9 wraiths
  4 wyverns
  A centaur simulacrum (D:14)
  4 fire elementals
  3 humans (Elf:1)
  3 shadows
  3 dire elephant simulacra (IceCv)
  A tyrant leech zombie (Crypt:3)
  5 ushabtiu (Tomb:1)
  2 vampires
  2 hogs (Elf:1)
  14 starcursed masses
  A black mamba skeleton (Crypt:3)
  A golden eye (shapeshifter) (D:15)
  8 chaos spawn
  3 neqoxecs
  8 golden eyes
  2 redbacks
  5 basilisks
  5 steam dragons
  8 large abominations
  A wind drake skeleton (Crypt:3)
  7 minotaur simulacra (IceCv)
  3 harpy simulacra (IceCv)
  A water nymph zombie (Crypt:3)
  13 swamp worms
  8 wargs
  A fire bat zombie (Crypt:1)
  19 vampire mosquitoes
  A swamp worm (shapeshifter) (Vaults:5)
  52 nagas
  2 human zombies
  18 hell hounds
  4 acid dragons
  A demonspawn skeleton (Crypt:3)
  A floating eye (shapeshifter) (Depths:3)
  A glowing shapeshifter skeleton (Depths:2)
  25 water moccasins
  A floating eye (Depths:3)
  A cane toad skeleton (Crypt:2)
  A deep troll skeleton (Crypt:1)
  6 swamp drakes
  A sky beast (D:7)
  8 orc warriors
  11 black bears (Lair:5)
  A black mamba simulacrum (Crypt:1)
  2 ice beasts (D:11)
  2 alligator simulacra (IceCv)
  39 ogres
  8 boggarts
  10 centaurs
  A tengu (Abyss:3)
  30 wolves
  4 phantoms
  6 kobold brigands
  4 bullfrogs
  4 earth elementals
  7 necrophages
  A glowing shapeshifter simulacrum (Vaults:4)
  9 deep troll simulacra (IceCv)
  A gnoll sergeant (D:10)
  3 scorpions
  15 wights (Crypt:3)
  11 small abominations
  7 killer bees (D:9)
  A yak zombie (Crypt:3)
  4 troll zombies (D:9)
  6 vampire bats (Bailey)
  9 howler monkeys
  A troll skeleton (Crypt:3)
  7 wolf zombies (Bailey)
  An iron imp (Abyss:3)
  17 jellies
  2 hounds
  A gnoll bouda (D:10)
  12 orc priests
  12 human skeletons
  3 sleepcaps
  Terence (D:2)
  7 iguanas
  2 scorpion zombies (D:4)
  16 orc wizards
  A boggart skeleton (Crypt:2)
  7 hell rats (Lair:5)
  2 ogre zombies (D:9)
  A deep dwarf skeleton (Crypt:3)
  14 mummies
  15 adders
  9 gnolls
  9 river rats
  A shadow imp (D:6)
  3 white imps
  An ufetubus (D:6)
  A worm zombie (Crypt:3)
  2 adder zombies
  A worm (D:2)
  3 dart slugs
  45 orcs
  5 bats
  20 endoplasms
  4 giant cockroaches
  4 goblins (D:1)
  5 hobgoblins
  12 jackals
  4 quokkas
  A river rat zombie (Crypt:1)
  23 ball pythons
  3 frilled lizards
  2 goblin skeletons
  2 goblin zombies (D:9)
  2 hobgoblin skeletons (D:9)
  A hobgoblin zombie (D:9)
  13 kobolds
  5 orc skeletons (D:9)
  25 orc zombies
  A quokka skeleton (Crypt:1)
  27 rats
  A spectral weapon (Vaults:1)
  8 starspawn tentacles
2589 creatures vanquished.

Vanquished Creatures (others)
  A dread lich (Vaults:5)
  Margery (Depths:3)
  A draconian knight (Zot:3)
  A fire giant (Depths:3)
  A spark wasp (Depths:3)
  A blizzard demon (IceCv)
  An ettin (Vaults:5)
  A hydra (Swamp:4)
  An anaconda (Snake:3)
  A vampire mage (Depths:3)
  2 deep elf archers
  2 deep elf pyromancers
  A necromancer (Vaults:5)
  A salamander (Snake:3)
  5 bloated husks
  A water elemental (Elf:3)
  A wraith (D:14)
  2 swamp drakes
  A kobold brigand (D:8)
  An orc (Orc:2)
  30 foxfires
  A lurking horror (Abyss:3)
  8 starspawn tentacles
66 creatures vanquished.

Grand Total: 2655 creatures vanquished

Notes
Turn   | Place    | Note
-------+----------+-------------------------------------------
     0 | D:1      | Madon the Hill Orc Fighter began the quest for the Orb.
     0 | D:1      | Reached XP level 1. HP: 19/19 MP: 1/1
    28 | D:1      | Reached XP level 2. HP: 27/27 MP: 2/2
   375 | D:1      | Reached XP level 3. HP: 28/33 MP: 3/3
   479 | D:1      | Reached skill level 4 in Fighting
  1207 | D:2      | Found a glowing silver altar of Zin.
  1224 | D:2      | Noticed Terence
  1251 | D:2      | Killed Terence
  1252 | D:2      | Reached XP level 4. HP: 17/40 MP: 4/4
  1452 | D:2      | Found a faded altar of an unknown god.
  1671 | D:3      | Reached XP level 5. HP: 37/47 MP: 5/5
  1710 | D:3      | Reached skill level 5 in Axes
  1732 | D:3      | Found a glowing drain.
  1741 | Sewer    | Entered a sewer
  1923 | Sewer    | Reached XP level 6. HP: 50/53 MP: 6/6
  2011 | Sewer    | Reached skill level 5 in Fighting
  2216 | D:3      | Found an iron altar of Okawaru.
  2216 | D:3      | Found an ornate altar of the Wu Jian Council.
  2216 | D:3      | Found a shadowy altar of Dithmenos.
  2216 | D:3      | Found a white marble altar of Elyvilon.
  2236 | D:3      | Became a worshipper of Warmaster Okawaru
  2629 | D:4      | Reached XP level 7. HP: 51/61 MP: 7/7
  2721 | D:4      | Reached skill level 1 in Invocations
  2781 | D:4      | Identified the amulet of Xopeyh {Reflect rElec Will+ Int+5
                  | SH+5}
  2811 | D:4      | Reached skill level 5 in Shields
  2906 | D:4      | Found a staircase to the Ecumenical Temple.
  2916 | D:4      | Reached skill level 5 in Armour
  2928 | D:4      | Reached * piety under Okawaru
  2932 | Temple   | Entered the Ecumenical Temple
  3125 | D:4      | Reached XP level 8. HP: 49/70 MP: 9/9
  3324 | D:4      | Found a blossoming altar of Fedhas.
  3533 | D:4      | Reached skill level 6 in Fighting
  3623 | D:5      | Entered Level 5 of the Dungeon
  3766 | D:5      | Identified the +1 robe "Cawiawn" {+Blink}
  3864 | D:5      | Noticed a kobold demonologist
  3880 | D:5      | Noticed a sun demon
  3881 | D:5      | Noticed an orange demon
  3885 | D:5      | Killed a kobold demonologist
  3885 | D:5      | Reached ** piety under Okawaru
  4031 | D:5      | Found a hazy altar of Hepliaklqana.
  4243 | D:5      | Identified the +5 scale mail of a volcano {+Inv rF- rCorr}
  4297 | D:5      | Found a shimmering blue altar of Sif Muna.
  4314 | D:5      | Reached XP level 9. HP: 69/78 MP: 12/12
  4760 | D:6      | Found a shimmering altar of Xom.
  4763 | D:6      | Reached *** piety under Okawaru
  4764 | D:6      | Found a bloodstained altar of Trog.
  5164 | D:7      | Reached skill level 7 in Fighting
  5164 | D:7      | Reached skill level 5 in Invocations
  5762 | D:8      | Reached skill level 10 in Axes
  5798 | D:8      | Found a hide-covered altar of Uskayaw.
  5901 | D:8      | Found a flagged portal.
  5907 | Bailey   | Entered a bailey
  6077 | Bailey   | Noticed a gargoyle
  6084 | Bailey   | Killed a gargoyle
  6084 | Bailey   | Reached **** piety under Okawaru
  6085 | Bailey   | Reached skill level 8 in Fighting
  6085 | Bailey   | Reached XP level 10. HP: 88/88 MP: 10/13
  6118 | Bailey   | Found the +3 Mad Mage's Maulers {Infuse+∞ VampMP -Cast}
  6174 | Bailey   | Identified the +0 helmet "Deluemun" {Fly rPois Int-2
                  | Stlth+}
  8768 | D:9      | Noticed Joseph
  8787 | D:9      | Killed Joseph
  8787 | D:9      | Reached ***** piety under Okawaru
  8788 | D:9      | Reached skill level 1 in Throwing
  8802 | D:9      | Received a gift from Okawaru
  8803 | D:9      | Reached skill level 9 in Fighting
  8804 | D:9      | Noticed Maurice
  9345 | D:9      | Killed Maurice
  9346 | D:9      | Reached XP level 11. HP: 97/97 MP: 2/14
  9747 | D:9      | Found an ancient bone altar of Kikubaaqudgha.
  9949 | D:9      | Found Pyupuv's General Store.
 10066 | D:9      | Bought a scroll of blinking for 97 gold pieces
 10066 | D:9      | Bought a potion of attraction for 39 gold pieces
 10066 | D:9      | Bought a potion of curing for 39 gold pieces
 10066 | D:9      | Bought a potion of flight for 39 gold pieces
 10176 | D:9      | Found a staircase to the Orcish Mines.
 10367 | D:9      | Found an opulent altar of Gozag.
 11004 | D:9      | Gained mutation: You have large cloven feet. [potion of
                  | mutation]
 11004 | D:9      | Gained mutation: You are weak. (Str -2) [potion of
                  | mutation]
 11005 | D:9      | Lost mutation: You are weak. (Str -2) [potion of mutation]
 11005 | D:9      | Lost mutation: You have large cloven feet. [potion of
                  | mutation]
 11005 | D:9      | Gained mutation: You are partially covered in iridescent
                  | scales. (AC +2) [potion of mutation]
 11005 | D:9      | Gained mutation: You occasionally shout uncontrollably at
                  | your foes. [potion of mutation]
 11005 | D:9      | Gained mutation: You expend magic power (3 MP) to
                  | strengthen your wands. [potion of mutation]
 11005 | D:9      | Gained mutation: You have an increased reservoir of magic.
                  | (+10% MP) [potion of mutation]
 11024 | D:10     | Entered Level 10 of the Dungeon
 11281 | D:10     | Received a gift from Okawaru
 11405 | D:10     | Noticed a brown ugly thing
 11405 | D:10     | Noticed a four-headed hydra
 11406 | D:10     | Noticed a centaur warrior
 11406 | D:10     | Noticed a red ugly thing
 11944 | D:10     | Noticed a cyclops
 11952 | D:10     | Noticed Harold
 11953 | D:10     | Killed a cyclops
 12153 | D:10     | Found a portal to a secret trove of treasure.
 12202 | D:10     | Killed a red ugly thing
 12212 | D:10     | Killed a brown ugly thing
 12406 | D:10     | Killed Harold
 12406 | D:10     | Received a gift from Okawaru
 12407 | D:10     | Reached skill level 10 in Fighting
 12516 | D:10     | Killed a centaur warrior
 12686 | D:10     | Killed a 12-headed hydra
 12686 | D:10     | Received a gift from Okawaru
 12888 | D:10     | Noticed a six-headed hydra
 12895 | D:10     | Killed a seven-headed hydra
 12896 | D:10     | Reached XP level 12. HP: 82/107 MP: 9/17
 13043 | D:10     | Noticed Lodul
 13044 | D:10     | Reached skill level 15 in Axes
 13049 | D:10     | Killed Lodul
 13958 | D:11     | Found a staircase to the Lair.
 14458 | D:11     | Reached skill level 10 in Shields
 14474 | D:11     | Identified the +0 pair of gloves of Sidgh {Regen+ Dex+2}
                  | (Okawaru gifted it to you on level 11 of the Dungeon)
 14474 | D:11     | Received a gift from Okawaru
 14741 | D:11     | Reached skill level 5 in Throwing
 14744 | D:11     | Reached skill level 11 in Fighting
 14938 | D:11     | Reached skill level 10 in Armour
 15036 | D:11     | Noticed a six-headed hydra
 15042 | D:11     | Killed a ten-headed hydra
 15604 | Lair:1   | Entered Level 1 of the Lair of Beasts
 15773 | Lair:1   | Noticed a seven-headed hydra
 15781 | Lair:1   | Killed a 12-headed hydra
 15781 | Lair:1   | Reached ****** piety under Okawaru
 16780 | Lair:1   | Reached XP level 13. HP: 116/116 MP: 4/19
 17066 | Lair:1   | Identified 2 scrolls of acquirement
 17066 | Lair:1   | Acquired 1190 gold pieces
 17091 | Lair:1   | Acquired a +1 vampiric broad axe
 17433 | Lair:2   | Found a staircase to the Swamp.
 18117 | Lair:2   | Identified the +0 chain mail of the Dice {rPois rC- Int+9
                  | Dex-4} (Okawaru gifted it to you on level 2 of the Lair of
                  | Beasts)
 18117 | Lair:2   | Received a gift from Okawaru
 19290 | Lair:3   | Reached skill level 12 in Fighting
 20087 | Lair:3   | Found a staircase to the Snake Pit.
 21437 | Lair:4   | Found a staircase to the Slime Pits.
 21620 | Lair:4   | Reached skill level 1 in Evocations
 21620 | Lair:4   | Reached XP level 14. HP: 121/127 MP: 1/22
 21727 | Lair:4   | Found a viscous altar of Jiyva.
 21910 | Lair:4   | Identified the +0 pair of gloves of Eternal Night {rPois
                  | rN+ Regen+} (Okawaru gifted it to you on level 4 of the
                  | Lair of Beasts)
 21910 | Lair:4   | Received a gift from Okawaru
 23042 | Lair:5   | Entered Level 5 of the Lair of Beasts
 23053 | Lair:5   | Noticed Nessos
 23071 | Lair:5   | Killed Nessos
 23072 | Lair:5   | Reached skill level 13 in Fighting
 25142 | Lair:5   | Received a gift from Okawaru
 25226 | Lair:5   | Reached skill level 10 in Invocations
 26093 | D:12     | Reached XP level 15. HP: 136/136 MP: 3/24
 26300 | D:12     | Identified the +1 robe "Sutuxue" {rF+}
 27428 | Orc:1    | Entered Level 1 of the Orcish Mines
 27772 | Orc:2    | Entered Level 2 of the Orcish Mines
 27819 | Orc:2    | Found a staircase to the Elven Halls.
 27846 | Orc:2    | Noticed an orc warlord
 27863 | Abyss:3  | Cast into level 3 of the Abyss (orc warlord)
 27986 | Abyss:3  | Reached skill level 5 in Evocations
 28021 | Abyss:3  | Received a gift from Okawaru
 28197 | Abyss:3  | Noticed a tentacled starspawn
 28205 | Abyss:3  | Killed a tentacled starspawn
 28205 | Abyss:3  | Received a gift from Okawaru
 28206 | Abyss:3  | Reached skill level 14 in Fighting
 28218 | Orc:2    | Escaped the Abyss
 28248 | Abyss:3  | Cast into level 3 of the Abyss (orc warlord)
 28298 | Abyss:3  | Received a gift from Okawaru
 28355 | Abyss:3  | Noticed a tentacled starspawn
 28362 | Abyss:3  | Killed a tentacled starspawn
 28481 | Abyss:3  | Received a gift from Okawaru
 28497 | Orc:2    | Escaped the Abyss
 28503 | Orc:2    | Killed an orc warlord
 28558 | Orc:2    | Received a gift from Okawaru
 28614 | Orc:2    | Reached XP level 16. HP: 136/147 MP: 1/27
 28620 | Orc:2    | Paralysed by something for 3 turns
 28634 | Orc:2    | Received a gift from Okawaru
 28740 | Orc:2    | Found Luicroce's General Store.
 28740 | Orc:2    | Found Nysur's Antique Weapon Emporium.
 28741 | Orc:2    | Found Kody's Armour Shoppe.
 28741 | Orc:2    | Found Usteomynk's Magic Scroll Shop.
 28883 | Orc:2    | Bought a scroll of enchant armour for 75 gold pieces
 28883 | Orc:2    | Bought a scroll of identify for 20 gold pieces
 28883 | Orc:2    | Bought a potion of curing for 30 gold pieces
 28883 | Orc:2    | Bought a +0 chain mail for 45 gold pieces
 28883 | Orc:2    | Bought a scroll of enchant armour for 75 gold pieces
 28893 | Orc:2    | Bought a scroll of brand weapon for 123 gold pieces
 28893 | Orc:2    | Bought a scroll of identify for 26 gold pieces
 28893 | Orc:2    | Bought a scroll of teleportation for 39 gold pieces
 28893 | Orc:2    | Bought a scroll of identify for 26 gold pieces
 29023 | Orc:2    | Found a shimmering blue altar of Sif Muna.
 29459 | Orc:2    | Received a gift from Okawaru
 30500 | Orc:1    | Found a roughly hewn altar of Beogh.
 31912 | D:13     | Found Vualebas's Weapon Shop.
 32368 | D:13     | Acquired a manual of Throwing
 32515 | D:14     | Found a gate to the Vaults.
 32517 | D:14     | Identified the +0 kite shield of Madon's Duty {rElec Dex+3}
                  | (Okawaru gifted it to you on level 14 of the Dungeon)
 32517 | D:14     | Received a gift from Okawaru
 32518 | D:14     | Reached skill level 15 in Fighting
 32520 | D:14     | Noticed Josephine
 32540 | D:14     | Killed Josephine
 32987 | D:14     | Noticed Frances
 32998 | D:14     | Killed Frances
 33667 | D:14     | Noticed Snorg
 33671 | D:14     | Killed Snorg
 33811 | D:14     | You are sucked into a shaft and drop 1 floor!
 33811 | D:15     | Entered Level 15 of the Dungeon
 34031 | D:15     | Found a staircase to the Depths.
 35093 | D:15     | Acquired the amulet "Abrepn" {Reflect Slay+4 SH+5}
 35290 | D:15     | Found a runed translucent door.
 35291 | D:15     | Noticed Uhiud's ghost (journeyman DgEE)
 35495 | D:15     | Killed Uhiud's ghost
 35783 | Snake:1  | Entered Level 1 of the Snake Pit
 35952 | Snake:1  | Noticed Asterion
 35958 | Snake:1  | Reached XP level 17. HP: 84/156 MP: 1/29
 35960 | Snake:1  | Gained mutation: You have large cloven feet. [a cacodemon]
 35965 | Snake:1  | Gained mutation: You have hidden genetic defects. [a
                  | cacodemon]
 36263 | Arena    | Entered the Arena
 36267 | Arena    | Killed Asterion
 36452 | Snake:1  | Identified the +2 hat of Lightning Storm {Str+4}
 36465 | Snake:1  | Received a gift from Okawaru
 36510 | Snake:1  | Reached skill level 10 in Throwing
 37305 | Snake:1  | Received a gift from Okawaru
 38263 | Snake:1  | Noticed Aizul
 38274 | Snake:1  | Killed Aizul
 38280 | Snake:1  | Lost mutation: You have an increased reservoir of magic.
                  | (+10% MP) [hidden defects]
 38596 | Snake:2  | Reached skill level 16 in Fighting
 39095 | Snake:2  | Found Bar Imil's Magic Scroll Shoppe.
 39230 | Snake:2  | Bought a scroll of magic mapping for 127 gold pieces
 39230 | Snake:2  | Bought a scroll of blinking for 127 gold pieces
 39230 | Snake:2  | Bought a scroll of blinking for 127 gold pieces
 39230 | Snake:2  | Bought a scroll of magic mapping for 127 gold pieces
 39260 | Snake:2  | You are sucked into a shaft and drop 1 floor!
 39281 | Snake:2  | Received a gift from Okawaru
 39879 | Snake:3  | Reached skill level 15 in Shields
 39890 | Snake:3  | Gained mutation: You are weak. (Str -2) [hidden defects]
 39890 | Snake:3  | Lost mutation: You have hidden genetic defects. [hidden
                  | defects expressed]
 39925 | Snake:3  | Reached skill level 15 in Armour
 40015 | Snake:3  | Received a gift from Okawaru
 40824 | Snake:3  | Noticed Nikola
 40841 | Snake:3  | Killed Nikola
 40841 | Snake:3  | Identified the +1 hat of the Buccaneer {Contam Harm Str+6}
                  | (Okawaru gifted it to you on level 3 of the Snake Pit)
 40841 | Snake:3  | Received a gift from Okawaru
 40933 | Snake:3  | Noticed Vashnia
 40978 | Snake:3  | Killed Vashnia
 41572 | Elf:1    | Entered Level 1 of the Elven Halls
 41898 | Elf:1    | Paralysed by an air elemental for 1 turns
 41937 | Elf:1    | Reached XP level 18. HP: 168/168 MP: 1/27
 42053 | Elf:1    | Reached skill level 17 in Fighting
 42159 | Elf:1    | Noticed Kirke
 42166 | Elf:1    | Killed Kirke
 42528 | Elf:1    | Identified the +8 rapier of Pasit {heavy, rF+}
 42532 | Elf:1    | Received a gift from Okawaru
 43693 | Elf:2    | Paralysed by an air elemental for 1 turns
 44729 | Elf:2    | Found a runed translucent door.
 44774 | Elf:2    | Found Cyasore's Jewellery Shoppe.
 45230 | Elf:2    | Noticed Zenata
 45249 | Elf:2    | Killed Zenata
 45388 | Elf:2    | Found a huge runed translucent gate.
 45388 | Elf:2    | Found a huge runed translucent gate.
 45388 | Elf:2    | Found a huge runed translucent gate.
 45388 | Elf:2    | Found a huge runed translucent gate.
 45388 | Elf:2    | Found a huge runed translucent gate.
 45797 | Elf:2    | Identified the +0 plate armour "Mosisseq" {rPois Int+2}
 46292 | Elf:2    | Identified the +2 hand axe of Floods {drain, rPois Str+4
                  | Stlth+} (Okawaru gifted it to you on level 2 of the Elven
                  | Halls)
 46292 | Elf:2    | Received a gift from Okawaru
 46296 | Elf:2    | Reached skill level 18 in Fighting
 46928 | Swamp:1  | Entered Level 1 of the Swamp
 47309 | Swamp:1  | Noticed Donald
 47319 | Swamp:1  | Killed Donald
 47985 | Swamp:1  | Reached XP level 19. HP: 173/174 MP: 5/28
 48388 | Swamp:1  | Received a gift from Okawaru
 49614 | Swamp:2  | Noticed Jorgrun
 49619 | Swamp:2  | Received a gift from Okawaru
 49632 | Swamp:2  | Killed Jorgrun
 50052 | Swamp:2  | You are sucked into a shaft and drop 1 floor!
 50381 | Swamp:3  | Identified the +8 broad axe of Magnificence {flame, rC+}
                  | (Okawaru gifted it to you on level 3 of the Swamp)
 50381 | Swamp:3  | Received a gift from Okawaru
 51340 | Swamp:4  | Entered Level 4 of the Swamp
 51351 | Swamp:4  | Reached skill level 19 in Fighting
 51361 | Swamp:4  | Found a frozen archway.
 51371 | IceCv    | Entered an ice cave
 51793 | IceCv    | Identified the +1 hat of Elitism {rF+ Int+2}
 52059 | IceCv    | Received a gift from Okawaru
 52191 | IceCv    | Identified the +1 chain mail of the Mind {Str-5 Int+3}
 52667 | IceCv    | Identified the +2 scale mail of Okawaru's Indignation
                  | {Dex+4} (Okawaru gifted it to you in an ice cave)
 52667 | IceCv    | Received a gift from Okawaru
 53223 | Swamp:4  | Reached XP level 20. HP: 96/193 MP: 2/29
 54015 | Swamp:4  | Got a decaying rune of Zot
 54386 | Snake:4  | Entered Level 4 of the Snake Pit
 54662 | Snake:4  | Reached skill level 20 in Fighting
 55168 | Snake:4  | Received a gift from Okawaru
 55188 | Snake:4  | Received a gift from Okawaru
 55190 | Snake:4  | HP: 13/291 [poisoned by a nagaraja (bolt of poison)]
 55192 | Snake:4  | HP: 6/194 [poisoned by a nagaraja (bolt of poison)]
 55530 | Snake:4  | Received a gift from Okawaru
 55955 | Snake:4  | Got a serpentine rune of Zot
 56506 | Vaults:1 | Entered Level 1 of the Vaults
 57774 | Vaults:1 | Received a gift from Okawaru
 58295 | Vaults:1 | Identified the ring of Ynlaf {rC+ Str+3}
 59428 | Vaults:2 | Reached skill level 21 in Fighting
 59639 | Vaults:2 | Identified the +2 leather armour of the Unseen Realm {Will+
                  | Int+2}
 60328 | Vaults:2 | Received a gift from Okawaru
 60954 | Vaults:2 | Reached XP level 21. HP: 204/204 MP: 10/30
 61108 | Vaults:2 | Received a gift from Okawaru
 61541 | Vaults:2 | Identified the +1 flail of Ignis's Grace {freeze, *Rage rC+
                  | rCorr Dex+2}
 62020 | Vaults:3 | Received a gift from Okawaru
 62371 | Vaults:3 | Noticed Bai Suzhen
 62380 | Vaults:3 | Killed Bai Suzhen
 62720 | Vaults:3 | Identified the ring "Jatuc" {rCorr AC+4 Int+4}
 62722 | Vaults:3 | Found a staircase to the Crypt.
 62722 | Vaults:3 | Found an ancient bone altar of Kikubaaqudgha.
 62723 | Vaults:3 | Found a basalt altar of Yredelemnul.
 62907 | Vaults:3 | Received a gift from Okawaru
 63249 | Vaults:3 | Found a runed translucent gate.
 63249 | Vaults:3 | Found a runed translucent gate.
 63250 | Vaults:3 | Found a runed translucent gate.
 63250 | Vaults:3 | Noticed Lianjan's ghost (adept GnWr)
 63799 | Vaults:3 | Reached skill level 22 in Fighting
 63800 | Vaults:3 | Received a gift from Okawaru
 64176 | Vaults:3 | Killed Lianjan's ghost
 64313 | Vaults:3 | Reached XP level 22. HP: 215/215 MP: 31/31
 65277 | Vaults:4 | Received a gift from Okawaru
 65835 | Vaults:4 | Reached XP level 23. HP: 182/225 MP: 5/32
 65847 | Vaults:4 | Received a gift from Okawaru
 65847 | Vaults:4 | Found the +3 greatsling "Punk" {acid, rCorr}
 67235 | Crypt:1  | Entered Level 1 of the Crypt
 67239 | Crypt:1  | Noticed Grunn
 67249 | Vaults:3 | Reached skill level 23 in Fighting
 68319 | Crypt:1  | Killed Grunn
 69077 | Crypt:1  | Identified the +5 war axe of Fytiplug {protect, rPois rF+++
                  | Int+2 Stlth-} (Okawaru gifted it to you on level 1 of the
                  | Crypt)
 69077 | Crypt:1  | Received a gift from Okawaru
 69639 | Crypt:1  | Noticed Sojobo
 70554 | Crypt:1  | Killed Sojobo
 71431 | Crypt:2  | Found a magical portal.
 71457 | WizLab   | Entered Lehudib's Moon Base
 71500 | WizLab   | Found a transporter.
 71621 | WizLab   | Gained mutation: Your body sometimes deteriorates upon
                  | taking damage. [a neqoxec]
 71672 | WizLab   | Gained mutation: You are occasionally teleported next to
                  | monsters. [a cacodemon]
 71802 | WizLab   | Received a gift from Okawaru
 71841 | WizLab   | Received a gift from Okawaru
 71926 | WizLab   | Received a gift from Okawaru
 71979 | WizLab   | Reached skill level 24 in Fighting
 72008 | WizLab   | Identified the +1 ring mail "Loeppen" {Str+3}
 72037 | WizLab   | Got Lehudib's Compilation of Fulgent Stones
 72423 | WizLab   | Gained mutation: You are clumsy. (Dex -2) [a neqoxec]
 72492 | WizLab   | Found a transporter.
 72656 | WizLab   | Lost mutation: You are weak. (Str -2) [potion of mutation]
 72656 | WizLab   | Lost mutation: You occasionally shout uncontrollably at
                  | your foes. [potion of mutation]
 72656 | WizLab   | Lost mutation: You expend magic power (3 MP) to strengthen
                  | your wands. [potion of mutation]
 72656 | WizLab   | Gained mutation: You are strong-willed. (Will+) [potion of
                  | mutation]
 72657 | WizLab   | Lost mutation: You are partially covered in iridescent
                  | scales. (AC +2) [potion of mutation]
 72657 | WizLab   | Lost mutation: You have large cloven feet. [potion of
                  | mutation]
 72657 | WizLab   | Gained mutation: You are partially covered in iridescent
                  | scales. (AC +2) [potion of mutation]
 72657 | WizLab   | Gained mutation: You have a pair of small horns on your
                  | head. [potion of mutation]
 72657 | WizLab   | Gained mutation: You have supernaturally acute eyesight.
                  | (SInv) [potion of mutation]
 72658 | WizLab   | Lost mutation: You are occasionally teleported next to
                  | monsters. [potion of mutation]
 72658 | WizLab   | Lost mutation: Your body sometimes deteriorates upon taking
                  | damage. [potion of mutation]
 72658 | WizLab   | Lost mutation: You are strong-willed. (Will+) [potion of
                  | mutation]
 72658 | WizLab   | Lost mutation: You are clumsy. (Dex -2) [potion of
                  | mutation]
 72658 | WizLab   | Gained mutation: You have hidden genetic potential. [potion
                  | of mutation]
 72659 | WizLab   | Lost mutation: You have supernaturally acute eyesight.
                  | (SInv) [potion of mutation]
 72659 | WizLab   | Lost mutation: You have a pair of small horns on your head.
                  | [potion of mutation]
 72659 | WizLab   | Lost mutation: You have hidden genetic potential. [potion
                  | of mutation]
 72659 | WizLab   | Gained mutation: You have large cloven feet. [potion of
                  | mutation]
 72659 | WizLab   | Lost mutation: You have large cloven feet. [potion of
                  | mutation]
 72660 | WizLab   | Lost mutation: You are partially covered in iridescent
                  | scales. (AC +2) [potion of mutation]
 72660 | WizLab   | Gained mutation: Your spells are a little easier to cast,
                  | but a little less powerful. [potion of mutation]
 72660 | WizLab   | Gained mutation: You have a pair of small horns on your
                  | head. [potion of mutation]
 72661 | WizLab   | Lost mutation: You have a pair of small horns on your head.
                  | [potion of mutation]
 72661 | WizLab   | Lost mutation: Your spells are a little easier to cast, but
                  | a little less powerful. [potion of mutation]
 72661 | WizLab   | Gained mutation: Your mind is acute. (Int +4, Str/Dex -1)
                  | [potion of mutation]
 72662 | WizLab   | Lost mutation: Your mind is acute. (Int +4, Str/Dex -1)
                  | [potion of mutation]
 72662 | WizLab   | Gained mutation: You have large cloven feet. [potion of
                  | mutation]
 72662 | WizLab   | Gained mutation: Your system is resistant to poisons.
                  | (rPois) [potion of mutation]
 72663 | WizLab   | Lost mutation: Your system is resistant to poisons. (rPois)
                  | [potion of mutation]
 72663 | WizLab   | Lost mutation: You have large cloven feet. [potion of
                  | mutation]
 72663 | WizLab   | Gained mutation: You are dopey. (Int -2) [potion of
                  | mutation]
 72663 | WizLab   | Gained mutation: You expend magic power (3 MP) to
                  | strengthen your wands. [potion of mutation]
 72900 | Crypt:2  | Reached skill level 1 in Stealth
 73180 | Crypt:2  | Reached XP level 24. HP: 166/238 MP: 32/32
 73861 | Crypt:3  | Entered Level 3 of the Crypt
 74553 | Crypt:3  | Identified the +2 pair of boots "Vougoi" {+Inv Str+2 Dex+2
                  | SInv Stlth+} (Okawaru gifted it to you on level 3 of the
                  | Crypt)
 74553 | Crypt:3  | Received a gift from Okawaru
 74602 | Crypt:3  | Noticed an ancient lich
 74613 | Crypt:3  | Killed an ancient lich
 74615 | Crypt:3  | Found the +5 glaive of the Guard {elec, spectral, AC+5}
 74616 | Crypt:3  | Found the +2 hood of the Assassin {Detect Stab+ Stlth++}
 74636 | Crypt:3  | Got the Tome of the Cemetery
 74875 | Crypt:3  | Noticed a curse toe
 74884 | Crypt:3  | Killed a curse toe
 75342 | Crypt:3  | Identified the +0 cloak "Lisastek" {Rampage}
 75405 | Crypt:3  | Found a staircase to the Tomb.
 75527 | Crypt:2  | Found an ancient bone altar of Kikubaaqudgha.
 75565 | Tomb:1   | Entered Level 1 of the Tomb of the Ancients
 75719 | Tomb:1   | Noticed Mennas
 76177 | Arena    | Entered the Arena
 76190 | Arena    | Killed Mennas
 76221 | Tomb:1   | Noticed a royal mummy
 76223 | Tomb:1   | HP: 9/240 [poisoned by an ushabti (dark miasma)]
 76233 | Tomb:1   | Noticed Khufu
 76443 | Tomb:1   | Reached skill level 5 in Stealth
 76639 | Tomb:1   | Noticed a royal mummy
 76807 | Arena    | Entered the Arena
 76821 | Arena    | Killed a royal mummy
 76836 | Arena    | Entered the Arena
 76859 | Arena    | Killed Khufu
 76860 | Arena    | Reached skill level 10 in Evocations
 76889 | Tomb:1   | Noticed a royal mummy
 77002 | Tomb:1   | Killed a royal mummy
 77035 | Tomb:1   | Noticed a royal mummy
 77043 | Tomb:1   | Noticed a royal mummy
 77043 | Tomb:1   | Noticed a royal mummy
 77043 | Tomb:1   | Noticed a royal mummy
 77043 | Tomb:1   | Noticed a royal mummy
 77044 | Tomb:1   | Noticed a royal mummy
 77212 | Tomb:1   | Killed a royal mummy
 77635 | Depths:1 | Entered Level 1 of the Depths
 77746 | Depths:1 | Reached XP level 25. HP: 157/248 MP: 32/32
 77803 | Depths:1 | Found Qahatei's Pet Rocks.
 77865 | Depths:1 | Bought a wand of light (5) for 210 gold pieces
 77962 | Depths:1 | Identified the +1 battleaxe of Invincibility {drain, Int+3}
                  | (Okawaru gifted it to you on level 1 of the Depths)
 77962 | Depths:1 | Received a gift from Okawaru
 78066 | Depths:1 | Found a gateway to Hell.
 78129 | Depths:1 | Found a one-way gate leading to the halls of Pandemonium.
 78130 | Depths:1 | Gained mutation: You have hidden genetic defects. [a
                  | neqoxec]
 78132 | Depths:1 | Gained mutation: You sometimes lose your temper in combat.
                  | [a neqoxec]
 78229 | Depths:1 | Found an ancient bone altar of Kikubaaqudgha.
 78230 | Depths:1 | Lost mutation: You expend magic power (3 MP) to strengthen
                  | your wands. [potion of mutation]
 78230 | Depths:1 | Lost mutation: You are dopey. (Int -2) [potion of mutation]
 78230 | Depths:1 | Lost mutation: You have hidden genetic defects. [potion of
                  | mutation]
 78230 | Depths:1 | Gained mutation: You are vulnerable to heat. (rF-) [potion
                  | of mutation]
 78231 | Depths:1 | Lost mutation: You are vulnerable to heat. (rF-) [potion of
                  | mutation]
 78231 | Depths:1 | Lost mutation: You sometimes lose your temper in combat.
                  | [potion of mutation]
 78231 | Depths:1 | Gained mutation: You occasionally shout uncontrollably at
                  | your foes. [potion of mutation]
 78231 | Depths:1 | Gained mutation: Armour fits poorly on your strangely
                  | shaped body. [potion of mutation]
 78231 | Depths:1 | Gained mutation: You expend magic power (3 MP) to
                  | strengthen your wands. [potion of mutation]
 78385 | Depths:2 | Identified the +2 flail of Ycwode {antimagic, rC- Will-
                  | Str+3 Int+7}
 78846 | Depths:2 | Reached skill level 25 in Fighting
 79090 | Depths:2 | Identified the +3 ring mail "Corghum" {rF+ Str+3}
 79390 | Depths:2 | Received a gift from Okawaru
 79514 | Depths:3 | Paralysed by a floating eye for 4 turns
 79523 | Depths:3 | Noticed Margery
 79544 | Depths:3 | Received a gift from Okawaru
 79559 | Depths:3 | Killed Margery
 79619 | Depths:3 | Identified the +0 ring mail "Xososch" {Int+4 Stlth-}
                  | (Okawaru gifted it to you on level 3 of the Depths)
 79619 | Depths:3 | Received a gift from Okawaru
 79757 | Depths:3 | Paralysed by a floating eye for 2 turns
 79853 | Depths:3 | Got the Directory of Putrescence and Silt
 80066 | Depths:3 | Identified the +1 long sword of Xuddeymm {venom, rPois rF+}
 80143 | Depths:3 | Found a one-way gateway to a ziggurat.
 80347 | Depths:3 | Found a one-way gate to the infinite horrors of the Abyss.
 80403 | Depths:3 | Lost mutation: You occasionally shout uncontrollably at
                  | your foes. [potion of mutation]
 80403 | Depths:3 | Lost mutation: You expend magic power (3 MP) to strengthen
                  | your wands. [potion of mutation]
 80403 | Depths:3 | Lost mutation: Armour fits poorly on your strangely shaped
                  | body. [potion of mutation]
 80403 | Depths:3 | Gained mutation: You are partially covered in iridescent
                  | scales. (AC +2) [potion of mutation]
 80403 | Depths:3 | Gained mutation: You are robust. (+10% HP) [potion of
                  | mutation]
 80483 | Depths:4 | Entered Level 4 of the Depths
 80518 | Depths:4 | Found Vuroqeidgh's Antique Armour Shoppe.
 80537 | Depths:4 | Bought a runed tower shield for 225 gold pieces
 80806 | Depths:4 | Reached XP level 26. HP: 271/284 MP: 32/32
 80865 | Depths:4 | Gained mutation: You do not regenerate when monsters are
                  | visible. [a shining eye]
 80900 | Depths:4 | Received a gift from Okawaru
 81095 | Depths:4 | Reached XP level 27. HP: 294/294 MP: 32/33
 81356 | Depths:4 | Received a gift from Okawaru
 81422 | Depths:4 | Found a gate to the Realm of Zot.
 81448 | Depths:4 | Identified the +8 chain mail of the Festooned Frog {rElec
                  | Int+2} (Okawaru gifted it to you on level 4 of the Depths)
 81448 | Depths:4 | Received a gift from Okawaru
 81526 | Depths:4 | Got Sif Muna's Book of Flesh
 81854 | Depths:4 | Reached skill level 26 in Fighting
 82399 | Slime:1  | Entered Level 1 of the Pits of Slime
 83341 | Slime:2  | You fall into a shaft and drop 2 floors!
 83419 | Slime:4  | Gained mutation: Your magical capacity is low. (-10% MP) [a
                  | shining eye]
 83424 | Slime:4  | Gained mutation: Your body sometimes deteriorates upon
                  | taking damage. [a shining eye]
 83426 | Slime:4  | Gained mutation: You occasionally shout uncontrollably at
                  | your foes. [a shining eye]
 83661 | Slime:5  | Entered Level 5 of the Pits of Slime
 83717 | Slime:5  | Found a viscous altar of Jiyva.
 83717 | Slime:5  | Noticed the Royal Jelly
 83719 | Slime:5  | Found the +7 Spriggan's Knife {stab, EV+4 Stlth+}
 83745 | Slime:5  | Killed the Royal Jelly
 83771 | Slime:5  | Lost mutation: You are partially covered in iridescent
                  | scales. (AC +2) [a shining eye]
 83907 | Slime:5  | Identified the +6 long sword "Ziptets" {heavy, rCorr Int+3}
 83909 | Slime:5  | Got a slimy rune of Zot
 83931 | Slime:5  | Identified the staff of fire "Teob" {rF+ rCorr Int+3
                  | Stlth+}
 83939 | Slime:5  | Identified the +0 flail of Animal Spirits {vamp, rC+ rN+
                  | Will- Int+4}
 83940 | Slime:5  | Identified the ring "Cokhlaus" {Fly rC+ Dex+4 Stlth+}
 83959 | Slime:5  | Identified the ring of Wishful Thinking {Str+2 Int+2 SInv}
 83974 | Slime:5  | Identified the ring "Xejussua" {Ice Stlth+}
 84560 | Vaults:5 | Entered Level 5 of the Vaults
 84570 | Vaults:5 | Identified the +11 broad axe "Widowmaker" {protect, rCorr
                  | Str+3} (Okawaru gifted it to you on level 5 of the Vaults)
 84570 | Vaults:5 | Received a gift from Okawaru
 84578 | Vaults:5 | Noticed an ancient lich
 84583 | Vaults:5 | Reached skill level 10 in Stealth
 84610 | Vaults:5 | Killed an ancient lich
 84634 | Vaults:5 | Noticed an ancient lich
 84640 | Vaults:5 | Identified the +8 broad axe of Impermanence {flame, rElec}
                  | (Okawaru gifted it to you on level 5 of the Vaults)
 84640 | Vaults:5 | Received a gift from Okawaru
 84656 | Vaults:5 | Killed an ancient lich
 84687 | Vaults:5 | Noticed a dread lich
 84702 | Vaults:5 | Noticed a dread lich
 84705 | Vaults:5 | Killed a dread lich
 84715 | Vaults:5 | Killed a dread lich
 84770 | Vaults:5 | Identified the +2 plate armour of Nowkiesi {-Cast Dex+2
                  | Slay+6}
 84932 | Vaults:5 | Identified the +7 quarterstaff "Ymopnum" {heavy, rF+ Str+5}
 85014 | Vaults:5 | Identified the +5 dire flail of the Spider {vamp, Int-4
                  | Dex+7 Stlth+}
 85064 | Vaults:5 | Identified the +4 broad axe of Skirmishing {speed, Int+6}
 85131 | Vaults:5 | Received a gift from Okawaru
 85136 | Vaults:5 | Identified the ring of Xom's Bemusement {Fly rF++ SInv}
 85216 | Vaults:5 | Got Sif Muna's Compilation of Freezing
 85232 | Vaults:5 | Acquired a manual of Evocations
 85234 | Vaults:5 | Identified the +4 ring mail of the Fuzzy Jabberwock {rPois
                  | rC- rN++ Int+2}
 85235 | Vaults:5 | Identified the staff of fire "Icefre" {rF+ rN+}
 85426 | Vaults:5 | Noticed a dread lich
 85432 | Vaults:5 | Reached skill level 27 in Fighting
 85437 | Vaults:5 | Killed a dread lich
 85638 | Vaults:5 | Reached skill level 15 in Evocations
 85827 | Vaults:5 | Got a silver rune of Zot
 85934 | Vaults:5 | Identified the +8 shortbow "Ticaan" {heavy, Dex+3}
 86474 | Elf:3    | Entered Level 3 of the Elven Halls
 86521 | Elf:3    | Found a stormy altar of Qazlal.
 86991 | Elf:3    | Identified the amulet "Xaudusuwn" {Reflect Fly rF+ Will+
                  | SH+5}
 87003 | Elf:3    | Reached skill level 15 in Throwing
 87114 | Elf:3    | Identified the +2 robe of the Blind Marksman {Int+6}
 87135 | Elf:3    | Identified the +4 quick blade of Tortfeasance {vamp, Int+4
                  | Dex-2}
 87371 | Elf:3    | Identified the +1 short sword of Insufficient Pleasure
                  | {elec, Will+ Dex+3}
 87375 | Elf:3    | Identified the +8 dagger of the Omega Point {pain, rF+
                  | Dex+3 Stlth+}
 87411 | Elf:3    | Identified the +7 whip "Imp's Nightmare" {freeze, rPois
                  | rCorr Stlth+}
 87498 | Elf:3    | Found a shimmering blue altar of Sif Muna.
 88327 | Tomb:1   | Received a gift from Okawaru
 89012 | Tomb:1   | Killed a royal mummy
 90036 | Zot:1    | Entered Level 1 of the Realm of Zot
 90072 | Zot:1    | Received a gift from Okawaru
 90837 | Zot:1    | Identified the +4 ring mail of the Untouchables {Harm
                  | *Corrode +Inv Slay+2}
 92038 | Zot:3    | Received a gift from Okawaru
 92174 | Zot:3    | Identified the +4 ring mail "Qocseuda" {Stlth+}
 92345 | Zot:3    | Received a gift from Okawaru
 92811 | Zot:3    | Received a gift from Okawaru
 93059 | Zot:4    | Found a transporter.
 93064 | Zot:4    | Found a transporter.
 93067 | Zot:4    | Noticed Yklao's ghost (veteran FeEn)
 93084 | Zot:4    | HP: 3/300 [green draconian/+0 trident[a purple draconian
                  | shifter] (13)]
 93084 | Zot:4    | Mangled by a death cob

Illustrated notes

Levels and vault maps discovered:
D:1:      lightli_arrival_chessboard, layout_loops_cross, minmay_curled_crystal,
          minmay_octomino_e4
D:2:      layout_basic, shapermc_ecumenical_altar_acropolis, basic_altar,
          uniq_terence
D:3:      layout_basic, chequers_temple_overflow_statue_of_worship,
          portal_sewer_entry_d
D:4:      layout_gridville, fedhas_altar_decomposition, minmay_temple_entry_tees
D:5:      layout_loops_ring, kennysheep_mini_moat,
          mainiacjoe_overflow_six_doors_small
D:6:      layout_rooms, jmf_multi_god_temple
D:7:      layout_loops_ring, feat_on_display
D:8:      layout_basic, amcnicky_altar_gilded, enter_bailey_2
D:9:      layout_basic, mainiacjoe_overflow_boulevard,
          mainiacjoe_overflow_catwalk, zombieorc1_lemuel, serial_shops, shop,
          uniq_joseph, uniq_maurice
D:10:     layout_loops_ring, enter_trove_6, minmay_shattered_shrine,
          uniq_harold, uniq_lodul
D:11:     wad_cavern_with_rooms, layout_irregular_city, hellmonk_lair_entry_icy
D:12:     lemuel_slime, layout_loops_ring
D:13:     layout_gridville, serial_shops, nicolae_shop_bloodbath_and_beyond,
          chequers_arboretum, kennysheep_generic_room_14
D:14:     layout_grid_maze, lightli_vaults_fourway_checkpoint,
          chequers_serial_rivers_room_b, lemuel_nasty_fountain, uniq_josephine,
          uniq_louise, uniq_snorg, uniq_frances
D:15:     gammafunk_depths_entry_grave, layout_long_grid,
          chequers_decorated_corner, gammafunk_ghost_grave
Temple:   nicolae_temple_ecumenical_triangle
Lair:1:   layout_roguey, grunt_megastairs_4
Lair:2:   layout_regular_city, minmay_swamp_entry_swarm
Lair:3:   layout_loops_ring, minmay_snake_entry_six_corridors,
          serial_bayou_shore_a
Lair:4:   layout_gridlike, nicolae_slime_entry_field_trip, grunt_megastairs_2
Lair:5:   guppyfry_lair_end_dragon, layout_layer_cave,
          hangedman_lair_caniforms_friends, kennysheep_abandoned_house,
          uniq_nessos
Swamp:1:  nicolae_swamp_flooded_prison, layout_basic_swamp,
          evilmike_swamp_ruin_rubble_1, uniq_donald
Swamp:2:  layout_falls_marsh, evilmike_swamp_ruin_house_4, uniq_jorgrun
Swamp:3:  layout_falls_marsh, nicolae_swamp_little_swirl
Swamp:4:  swamp_alternative, layout_basic_swamp,
          portal_ice_cave_entry_frozen_things
Snake:1:  layout_gridlike, grunt_megastairs_5, uniq_asterion, uniq_aizul
Snake:2:  layout_onion, serial_shops, nicolae_shop_trees
Snake:3:  layout_rooms, nicolae_integral_box, uniq_nikola, uniq_vashnia
Snake:4:  johnstein_snake_rune_scales, layout_basic
Slime:1:  layout_caves, cheibrodos_slime_lost_civilization_7
Slime:2:  layout_caves
Slime:3:  layout_caves
Slime:4:  layout_caves, special_room [special_room_jelly]
Slime:5
Orc:1:    layout_caves, basic_altar
Orc:2:    st_orc_ogre_mass, layout_caves, kennysheep_orc_sif_temple
Elf:1:    minmay_elf_arrival_plus, layout_loops_cross,
          hangedman_corner_corridor, uniq_kirke
Elf:2:    elven_hall_of_blades_hangedman_alternative
          [nicolae_blade_entry_sentries_behind_glass], layout_loops_corners,
          minmay_shop_enchanted_jewellery, minivault_13, uniq_zenata
Elf:3:    elf_hall, layout_onion_city, basic_altar, nicolae_elf_altarnating
Vaults:1: nicolae_vaults_storage_closets_1, ontoclasm_vaults_ring_large,
          vaults_mumra_lcd, hangedman_vaults_locks, hangedman_vaults_trim,
          nicolae_vaults_steering_wheel, v_misc_28,
          nicolae_vaults_double_plus_1, nicolae_vaults_yaktaur_gun_rack,
          vaults_room_fancy_cross, vaults_dpeg_ring, vaults_dpeg_diagonal,
          vaults_room_large_hall, v_misc_15, nicolae_vaults_security_offices_2,
          nicolae_vaults_theta, layout_vaults_omnicross
Vaults:2: nicolae_vaults_closet_pinwheel_1, dpeg_vaults_monster_row, v_misc_25,
          nicolae_vaults_wine_cellar, nicolae_vaults_tetromino_L_2,
          nicolae_vaults_surprise_closet, nicolae_vaults_closet_pinwheel_1,
          v_rooms_6, layout_vaults_big_room
Vaults:3: gammafunk_ghost_split, nicolae_vaults_mitosis,
          minmay_crypt_entry_necro_gods, nicolae_vaults_tetromino_Z_2,
          nicolae_vaults_closet_pinwheel_4, vaults_room_grunt_arrival_ludios,
          nicolae_vaults_network_periphery, nicolae_vaults_closet_pinwheel_4,
          nicolae_vaults_double_plus_1, nicolae_vaults_shelves_hall,
          nicolae_vaults_trapezoid_lopsided_1, nicolae_vaults_octothorpe,
          vaults_room_door_ring, nicolae_vaults_tetromino_Z_2,
          layout_vaults_maze_snakey, uniq_bai_suzhen
Vaults:4: nicolae_vaults_three_branches, hangedman_vaults_snaps, serial_ice_b,
          nicolae_vaults_asterisk, v_misc_4, nicolae_vaults_network_s,
          nicolae_vaults_quartermaster, nicolae_vaults_offset_grid_hallway_1,
          nicolae_vaults_trapezoid_lopsided_3, ontoclasm_vaults_ligature,
          dpeg_vaults_monster_box, ontoclasm_vaults_ring_large,
          nicolae_vaults_double_plus_1, ontoclasm_vaults_gateway,
          layout_vaults_ring
Vaults:5
Crypt:1:  layout_rooms, serial_co_window_serial, co_window_paths_a,
          co_window_corner_a, co_window_of_opportunity_a, co_window_paths_a,
          co_window_corner_a, co_window_cross_2, co_window_paths_c,
          co_window_of_opportunity_c, co_window_unsneaky_path_c,
          co_window_of_opportunity_b, co_window_unsneaky_path_c,
          co_window_unsneaky_path_e, glass_columns_c, glass_columns_b,
          uniq_sojobo, uniq_grunn
Crypt:2:  layout_regular_city, lightli_enter_wizlab_magi_temple,
          lemuel_upstairs_altar
Crypt:3:  due_elkab, layout_chaotic_city, nicolae_tomb_entry_grand_gallery
Tomb:1:   uniq_mennas, uniq_khufu
Depths:1: layout_cave_pools, grunt_pan_entry_sceptre,
          nicolae_kikubaaqudgha_miasma_corner, hell_entry, guppyfry_shop_earth
Depths:2: evilmike_marble_ring, layout_honeycomb, hell_entry,
          grunt_pan_entry_zigzag, infiniplex_staircase_split_hallway
Depths:3: minmay_the_grid_square_5x5_4x4 [minmay_the_grid_square_5x5_z,
          minmay_the_grid_square_5x5_two_walls_b,
          minmay_the_grid_square_5x5_hollow_slash,
          minmay_the_grid_square_5x5_moneybag, minmay_the_grid_square_5x5_plus,
          minmay_the_grid_square_5x5_prize_gold,
          minmay_the_grid_square_5x5_prize_rear_guard,
          minmay_the_grid_square_5x5_three_walls, minmay_the_grid_square_5x5_c,
          minmay_the_grid_square_5x5_prize_monsterx,
          minmay_the_grid_square_5x5_prize_open,
          minmay_the_grid_square_5x5_six_small,
          minmay_the_grid_square_5x5_empty, minmay_the_grid_square_5x5_tie,
          minmay_the_grid_square_5x5_dogpile,
          minmay_the_grid_square_5x5_shuriken], layout_cave_pools,
          enter_ziggurat_e, minmay_room_of_horrors, hell_entry, uniq_margery
Depths:4: lemuel_castle_with_subvaults [lemuel_castle_interior_carwin_1],
          layout_cave_shapes, serial_shops, nicolae_shop_tiny_waterfront,
          pf_hell_entry_tar_spiral, amcnicky_mini_rare_corridor_liquid,
          serial_bayou_shore_b
Zot:1:    layout_cathedral_of_symmetry
Zot:2:    kennysheep_blocky_hall, layout_basic
Zot:3:    layout_twisted_circle, uniq_josephina
Zot:4:    layout_basic, gammafunk_ghost_arena

Skill      XL: |  1  2  3  4  5  6  7  8  9 10 11 12 13 14 15 16 17 18 19 20 21 22 23 24 25 26 27 |
---------------+----------------------------------------------------------------------------------+-----
Axes           | 3 4 5 6 7 9 11 13 14 16 18 | 18.0
Fighting       | 4 5 6 8 9 10 11 12 13 14 15 16 18 19 21 22 24 25 27 | 27.0
Armour         | 4 5 6 7 8 9 10 11 12 13 14 15 16 18 19 20 21 22 23 26 | 26.1
Shields        | 4 5 6 7 8 9 10 11 12 13 14 15 16 18 19 20 21 22 23 26 | 26.1
Invocations    | 2 4 5 8 10 11 13 | 13.6
Throwing       | 2 4 5 6 7 9 12 13 16 | 16.3
Evocations     | 1 4 6 8 10 11 12 18 | 18.3
Stealth        | 1 5 8 13 | 13.1

Action                     |  1- 3 |  4- 6 |  7- 9 | 10-12 | 13-15 | 16-18 | 19-21 | 22-24 | 25-27 || total
---------------------------+-------+-------+-------+-------+-------+-------+-------+-------+-------++-------
  Melee: War axe           |   121 |   158 |   364 |   359 |       |       |       |       |       ||  1002
         Broad axe         |       |       |       |   113 |   967 |   828 |   804 |  1438 |  2543 ||  6693
         Kick              |       |       |       |       |       |   136 |   323 |   256 |       ||   715
  Throw: Boomerang         |       |       |       |     1 |       |   232 |    36 |       |    25 ||   294
         Dart              |       |       |       |     2 |       |     5 |     7 |       |       ||    14
         Javelin           |       |       |       |       |       |    13 |    10 |       |       ||    23
         Throwing net      |       |       |       |       |       |       |       |       |     2 ||     2
 Invoke: Heroism           |       |       |     1 |     3 |     7 |     1 |     1 |     2 |     4 ||    19
         Duel              |       |       |       |       |       |     1 |       |     3 |       ||     4
         Finesse           |       |       |       |       |       |       |       |       |     2 ||     2
  Evoke: Wand              |       |       |       |    16 |     5 |     8 |       |     2 |    25 ||    56
         Phial of floods   |       |       |       |     1 |     1 |     2 |     2 |     3 |     1 ||    10
         Tin of tremorston |       |       |       |       |     4 |     6 |     4 |     5 |    10 ||    29
         Lightning rod     |       |       |       |       |       |     9 |     8 |    11 |     9 ||    37
    Use: Scroll            |       |     6 |     3 |     8 |    14 |    16 |     4 |    21 |     5 ||    77
         Potion            |       |       |     1 |     6 |     5 |     2 |     9 |    27 |     5 ||    55
   Stab: Sleeping          |       |       |       |       |       |       |       |    13 |    28 ||    41
         Distracted        |       |       |       |       |       |       |       |     8 |     5 ||    13
         Held in net/web   |       |       |       |       |       |       |       |       |     1 ||     1
 Armour: Scale mail        |    64 |   166 |   113 |   272 |   464 |   231 |       |       |       ||  1310
         Plate armour      |       |       |       |       |       |    39 |   353 |   212 |   387 ||   991
         Quicksilver drago |       |       |       |       |       |       |       |   242 |   107 ||   349
         Gold dragon scale |       |       |       |       |       |       |       |       |   144 ||   144
         Shadow dragon sca |       |       |       |       |       |       |       |       |   468 ||   468
  Dodge: Dodged            |    67 |   129 |   132 |   249 |   492 |   201 |   252 |   339 |   636 ||  2497
  Block: Buckler           |    32 |    53 |   166 |   125 |       |       |       |       |       ||   376
         Reflection        |       |       |     3 |    20 |    10 |    92 |    48 |    29 |    61 ||   263
         Kite shield       |       |       |       |   233 |   964 |   633 |   694 |  1089 |   569 ||  4182
         Tower shield      |       |       |       |       |       |       |       |       |  2235 ||  2235
